 Dungeon Crawl Stone Soup version 0.31.0-1-g2c135a008e (webtiles) character file.

Game seed: 5330317774515753256

2037 qw the Skirmisher (level 9, 0/66 HPs)
             Began as a Djinni Hunter on Jan 24, 2024.
             Was a Follower of Okawaru.
             Slain by a wight
             ... wielding a +0 great sword
              (14 damage)
             ... on level 6 of the Dungeon.
             The game lasted 00:00:23 (4336 turns).

qw the Skirmisher (Djinni Hunter)                   Turns: 4336, Time: 00:00:24

Health: 0/66       AC:  8    Str: 10    XL:     9   Next: 48%
Gold:   406        EV: 13    Int: 11    God:    Okawaru [*.....] SH:  0 Dex: 24

rFire   + . .        a - +0 shortbow
rCold   . . .        (shield currently unavailable)
rNeg    . . .        g - +0 ring mail
rPois   inf          f - +0 helmet of Hadjma {Dex+3}
rElec   .            (no cloak)
rCorr   .            k - +1 pair of gloves
SInv    .            (boots unavailable)
Will    .....        b - amulet of regeneration
Stlth   +            d - ring of ice
HPRegen 1.11/turn    (no ring)
MPRegen 0.00/turn

%: infuse magic (-1 HP)
@: about to teleport, flying
A: sickness immunity, fire resistance 2, cold vulnerability 1, float, innate
caster, HP casting, extra vitality 1
a: Renounce Religion, Heroism


You were on level 6 of the Dungeon.
You worshipped Okawaru.
Okawaru was aware of your devotion.
You visited 2 branches of the dungeon, and saw 7 of its levels.

You collected 406 gold pieces.


Innate Abilities, Weirdness & Mutations

You are immune to sickness and miasma.
You are immune to poison.
Your flesh is very heat resistant. (rF++)
You are vulnerable to cold. (rC-)
You float through the air rather than walking.
You learn spells naturally, not from books.
Your magical power is your life essence.
You have superior vitality. (+4 MHP)


   Skills:
 - Level 6.0 Fighting
 - Level 8.0 Ranged Weapons
 - Level 2.9 Armour
 + Level 5.1 Dodging
 - Level 0.7 Stealth
 + Level 1.7 Invocations


You knew the following spells:

 Your Spells              Type           Power      Damage    Failure   Level
a - Foxfire               Conj/Fire      0%         2x1d4     65%         1
b - Blink                 Tloc           0%         N/A       78%         2
c - Scorch                Fire           0%         2d5       78%         2
d - Inner Flame           Hex/Fire       0%         N/A       95%         3
Your spell library was empty.

Inventory:

Hand Weapons
 a - a +0 shortbow (weapon)
Armour
 f - the +0 helmet of Hadjma (worn) {Dex+3}
   (You found it on level 2 of the Dungeon)

   Dex+3:     It affects your dexterity (+3).
 g - a +0 ring mail (worn)
 k - a +1 pair of gloves (worn)
Jewellery
 b - an amulet of regeneration (around neck)
 d - a ring of ice (left hand)
Wands
 m - a wand of flame (16)
Scrolls
 c - 3 scrolls of teleportation
 n - a scroll of poison {unknown}
 o - a scroll of enchant weapon {unknown}
Potions
 e - 4 potions of curing
 h - a potion of heal wounds
 i - 2 potions of mutation
 j - 3 potions of enlightenment
 l - a potion of degeneration {unknown}

Dungeon Overview and Level Annotations

Branches:
Dungeon (6/15)             Temple (1/1) D:5

Altars:
Ashenzari
Dithmenos
Elyvilon
Fedhas
Gozag
Hepliaklqana
Makhleb
Nemelex Xobeh
Okawaru
Ru
Uskayaw
Wu Jian
Xom
Yredelemnul
Zin
The Shining One


Message History

You destroy the wight!
Okawaru accepts your kill.
Found a There-And-Back Book.
There is an open door here. 2 wights come into view.
Things that are here:
a +3 great sword; a +0 robe You shoot an arrow.
The arrow barely misses the wight.
You shoot an arrow. The arrow barely misses the wight.
You shoot an arrow. The arrow closely misses the wight.
You shoot an arrow. The arrow hits the wight!
The wight is heavily damaged.
You shoot an arrow. The arrow closely misses the wight.
The wight hits you but does no damage.
You shoot an arrow.
The arrow hits the wight but does no damage.
The wight is heavily damaged.
The wight hits you with a +0 great sword!
The wight hits you with a +5 war axe!
You shoot an arrow.
The arrow hits the wight but does no damage.
The wight is heavily damaged.
The wight misses you. x2
You shoot an arrow. The arrow hits the wight.
The wight is heavily damaged.
The wight completely misses you. The wight hits you with a +5 war axe.
You shoot an arrow. The arrow barely misses the wight.
The wight hits you with a +0 great sword.
The wight hits you with a +5 war axe!
You shoot an arrow.
The arrow hits the wight but does no damage.
The wight is heavily damaged.
The wight hits you with a +0 great sword.
The wight barely misses you. The wight hits you with a +5 war axe!
The wight closely misses you.
4336 ||| READING 4 scrolls of teleportation.
As you read the scroll of teleportation, it crumbles to dust.
You feel strangely unstable.
The wight hits you with a +0 great sword!
You die...

######.# # . #.# # ..
#.# # ...####'### #
..........# #
..........# #
..........# #
...####'##### #########
.......@....# #........
##....zz....# #........
#..........####........
+..........##..........
#..........##..........
#..........##......%...
#...:......##...)......
#..........##..........
#..........


You could see 2 wights.

Vanquished Creatures
  A hornet (D:5)
  Edmund (D:5)
  2 water moccasins
  An ice beast (D:5)
  A black bear (D:5)
  3 ogres
  2 phantoms
  2 scorpions (D:6)
  2 bullfrogs (D:6)
  A wight (D:6)
  A bombardier beetle (D:5)
  A jelly (D:6)
  A gnoll bouda (D:6)
  5 hounds
  A sleepcap (D:6)
  An orc wizard (D:4)
  Natasha (D:1)
  3 iguanas
  5 gnolls
  8 adders
  2 white imps (D:6)
  A dart slug (D:2)
  2 ribbon worms (D:2)
  15 orcs
  5 ball pythons
  5 bats
  6 endoplasms
  3 giant cockroaches
  3 goblins
  7 hobgoblins
  3 jackals (D:1)
  8 quokkas
  3 frilled lizards
  8 kobolds
  2 rats (D:1)
116 creatures vanquished.

Notes
Turn   | Place    | Note
-------+----------+-------------------------------------------
     0 | D:1      | qw the Djinni Hunter began the quest for the Orb.
     0 | D:1      | Reached XP level 1. HP: 18/18 MP: 0/0
     0 | D:1      | 0 ||| qw: Version: 0.3-a-136-gdd3b4e8
     0 | D:1      | 0 ||| qw: Game counter: 1229
     0 | D:1      | 0 ||| qw: Melee chars always use a shield: true
     0 | D:1      | 0 ||| qw: God list: Okawaru
     0 | D:1      | 0 ||| qw: Allow faded altars: false
     0 | D:1      | 0 ||| qw: Do Orc after clearing Dungeon:15 true
     0 | D:1      | 0 ||| qw: Do second Lair branch before Depths: true
     0 | D:1      | 0 ||| qw: Lair rune preference: random
     0 | D:1      | 0 ||| qw: Goals: Normal
     0 | D:1      | 0 ||| PLANNING D:1-11
   135 | D:1      | Reached XP level 2. HP: 23/23 MP: 0/0
   262 | D:1      | Reached XP level 3. HP: 28/28 MP: 0/0
   262 | D:1      | Learned a level 1 spell: Foxfire
   264 | D:1      | Reached skill level 4 in Ranged Weapons
   541 | D:1      | 541 ||| UPGRADING to amulet of the acrobat.
   546 | D:1      | 546 ||| UPGRADING to ring of ice.
   547 | D:1      | 547 ||| READING 2 scrolls labelled ZESTES MUTYXE.
   547 | D:1      | 547 ||| IDENTIFYING ruby potion
   548 | D:1      | 548 ||| READING scroll of identify.
   548 | D:1      | 548 ||| IDENTIFYING pink potion
   549 | D:1      | 549 ||| DROPPING scroll of butterflies.
   550 | D:1      | 550 ||| DROPPING potion of lignification.
   586 | D:2      | Noticed Natasha
   589 | D:2      | 589 ||| STAIRDANCE
   591 | D:1      | Killed Natasha
   592 | D:1      | Reached skill level 3 in Fighting
   592 | D:1      | Reached XP level 4. HP: 33/35 MP: 0/0
   905 | D:2      | Identified the +0 helmet of Hadjma {Dex+3}
  1023 | D:2      | Reached skill level 3 in Dodging
  1023 | D:2      | Reached XP level 5. HP: 40/40 MP: 0/0
  1023 | D:2      | Learned a level 2 spell: Blink
  1434 | D:2      | 1434 ||| UPGRADING to +0 helmet of Hadjma {Dex+3}.
  1439 | D:2      | 1439 ||| READING scroll of identify.
  1439 | D:2      | 1439 ||| IDENTIFYING murky white potion
  1540 | D:3      | Found a sparkling altar of Nemelex Xobeh.
  1556 | D:3      | 1556 ||| UPGRADING to amulet of regeneration.
  1663 | D:3      | Found a burning altar of Makhleb.
  1663 | D:3      | Noticed an Executioner
  1763 | D:3      | Found a glowing silver altar of Zin.
  2169 | D:3      | 2169 ||| DROPPING amulet of the acrobat.
  2170 | D:3      | 2170 ||| READING scroll of identify.
  2170 | D:3      | 2170 ||| IDENTIFYING bubbling ruby potion
  2171 | D:3      | 2171 ||| READING scroll labelled ZETZAD SYPRIE.
  2172 | D:3      | 2172 ||| READING scroll labelled KIROGUDOCU.
  2374 | D:4      | Reached XP level 6. HP: 43/46 MP: 0/0
  2393 | D:4      | Noticed an ogre
  2400 | D:4      | Killed an ogre
  2401 | D:4      | Reached skill level 5 in Ranged Weapons
  2490 | D:4      | Reached XP level 7. HP: 50/50 MP: 0/0
  2490 | D:4      | Learned a level 2 spell: Scorch
  2509 | D:4      | Reached skill level 1 in Armour
  2527 | D:4      | Identified the +5 scale mail "Sen Pung" {Str+4 Int-3 Dex+5}
  2658 | D:4      | 2658 ||| UPGRADING to +0 ring mail.
  2668 | D:4      | 2668 ||| DROPPING +0 leather armour.
  2669 | D:4      | 2669 ||| UPGRADING to +0 pair of gloves.
  2674 | D:4      | 2674 ||| READING scroll labelled CUWNUIT FOFU.
  2675 | D:4      | 2675 ||| DRINKING 3 sapphire potions.
  2698 | D:5      | Entered Level 5 of the Dungeon
  2707 | D:5      | 2707 ||| STAIRDANCE
  2811 | D:5      | 2811 ||| STAIRDANCE
  2898 | D:5      | Reached skill level 6 in Ranged Weapons
  2993 | D:5      | Noticed a water moccasin
  3002 | D:5      | Killed a water moccasin
  3003 | D:5      | Reached XP level 8. HP: 53/58 MP: 0/0
  3096 | D:5      | Noticed Edmund
  3115 | D:5      | Killed Edmund
  3155 | D:5      | Found a staircase to the Ecumenical Temple.
  3156 | D:5      | 3156 ||| PLANNING TEMPLE
  3159 | D:5      | 3159 ||| READING scroll labelled ZEIPEDWOAZUM.
  3160 | D:5      | 3160 ||| READING scroll labelled UQIMNA TETA.
  3160 | D:5      | 3160 ||| ENCHANTING +0 pair of gloves.
  3161 | D:5      | Noticed a hornet
  3181 | D:5      | Killed a hornet
  3182 | D:5      | Reached skill level 7 in Ranged Weapons
  3220 | Temple   | Entered the Ecumenical Temple
  3221 | Temple   | 3221 ||| PLANNING D:1-11
  3253 | D:5      | Found an iron altar of Okawaru.
  3254 | D:5      | 3254 ||| PLANNING OKAWARU WORSHIP
  3262 | D:5      | Became a worshipper of Warmaster Okawaru
  3263 | D:5      | 3263 ||| PLANNING D:1-11
  3814 | D:6      | Reached XP level 9. HP: 65/65 MP: 0/0
  3814 | D:6      | Learned a level 3 spell: Inner Flame
  4024 | D:6      | Reached skill level 8 in Ranged Weapons
  4148 | D:6      | Reached * piety under Okawaru
  4219 | D:6      | Reached skill level 1 in Invocations
  4283 | D:6      | Reached skill level 6 in Fighting
  4335 | D:6      | HP: 13/66 [wight/+5 war axe (13)]
  4336 | D:6      | 4336 ||| READING 4 scrolls of teleportation.
  4336 | D:6      | Slain by a wight

Levels and vault maps discovered:
D:1:      tarquinn_simple_flora_water_a, layout_rooms, minmay_strange_pillars,
          st_stairs_4
D:2:      layout_basic, st_stairs_11, uniq_natasha
D:3:      layout_loops_ring, makhleb_altar_promises_db,
          mainiacjoe_overflow_tiny_flanked, amcnicky_altar_gilded
D:4:      layout_rooms
D:5:      layout_basic, lemuel_round_altar, minmay_temple_entry_tees,
          uniq_edmund
D:6:      layout_basic, moated_statue
Temple:   nicolae_temple_no_exploring_needed

Skill      XL: |  1  2  3  4  5  6  7  8  9 |
---------------+----------------------------+-----
Ranged Weapons | 4 5 6 7 8 |  8.0
Fighting       | 3 4 5 6 |  6.0
Dodging        | 3 4 5 |  5.1
Armour         | 2 |  2.9
Invocations    | 1 |  1.7
Stealth        | |  0.7

Action                     |  1- 3 |  4- 6 |  7- 9 || total
---------------------------+-------+-------+-------++-------
   Fire: Shortbow          |    64 |   187 |   277 ||   528
    Use: Scroll            |     2 |     4 |     4 ||    10
         Potion            |       |       |     1 ||     1
 Armour: Leather armour    |    16 |    46 |       ||    62
         Ring mail         |       |       |   123 ||   123
  Dodge: Dodged            |    19 |    65 |   138 ||   222

Table legend:
 A = Non-vault XP
 B = Vault XP
 C = Vault XP percentage of total XP
 D = Non-vault monster count
 E = Vault monster count
 F = Vault count percentage of total count
                 A         B        C        D         E       F
            +---------+---------+-------+---------+---------+-------
      Total |    2683 |     228 |   7.8 |     108 |       8 |   6.9
            +---------+---------+-------+---------+---------+-------
        D:1 |      44 |      54 |  55.1 |      19 |       4 |  17.4
        D:2 |      63 |       8 |  11.3 |      20 |       3 |  13.0
        D:3 |      41 |       0 |   0.0 |       9 |       0 |   0.0
        D:4 |     466 |       0 |   0.0 |      20 |       0 |   0.0
        D:5 |    1085 |     166 |  13.3 |      13 |       1 |   7.1
        D:6 |     984 |       0 |   0.0 |      27 |       0 |   0.0
            +---------+---------+-------+---------+---------+-------
